 Dungeon Crawl Stone Soup version 0.30.1-9-gdf580d7c3d (webtiles) character file.

Game seed: 2758845158668602505

252808 LynnLen the Unseen (level 18, -2/98 HPs)
             Began as a Spriggan Enchanter on Oct 4, 2023.
             Was the Champion of Dithmenos.
             Killed by the air
             ... invoked by a spriggan air mage
              (15 damage)
             ... on level 15 of the Dungeon on Oct 5, 2023.
             The game lasted 03:15:31 (57514 turns).

LynnLen the Unseen (Spriggan Enchanter)            Turns: 57514, Time: 03:15:31

Health: -2/98      AC:  4    Str:  4    XL:     18   Next: 97%
Magic:  0/37       EV: 28    Int: 30    God:    Dithmenos [******]
Gold:   387        SH:  8    Dex: 16    Spells: 15/45 levels left

rFire   + + .        A - +6 quick blade (elec)
rCold   + + .        f - orb {guile}
rNeg    + + +        K - +2 robe {rC+ rF+}
rPois   +            y - -2 hat of the Alchemist {rElec rPois rF+ rC+ rN+ Will+ rMut rCorr}
rElec   +            R - +1 cloak
rCorr   +            (gloves unavailable)
SInv    +            (boots unavailable)
Will    ++...        I - brooch of Shielding {Spirit SH+8} Stlth ***+++++++
                     B - ring of Daisies {rN++ Int+6}
HPRegen 0.36/turn    c - ring of wizardry
MPRegen 0.25/turn

%: resist mutation, guardian spirit, wizardry (x1)
@: wreathed by umbra, very quick
A: very small, no large weapons, unfitting armour, see invisible, speed 3
}: 2/15 runes: decaying, serpentine
a: Renounce Religion, Shadow Step, Shadow Form


You were on level 15 of the Dungeon.
You worshipped Dithmenos.
Dithmenos was exalted by your worship.
You visited 7 branches of the dungeon, and saw 32 of its levels.
You also visited: Bailey, Gauntlet and Ice Cave.

You collected 3270 gold pieces.
You spent 2883 gold pieces at shops.

Inventory:

Hand Weapons
 A - a +6 quick blade of electrocution (weapon)
 W - the +2 Maxwell's thermic engine {flame, freeze, rev}
   (You found it in an ice cave)
Missiles
 j - 47 poisoned darts
Armour
 a - the +5 buckler of Hoics {Will+}
   (You acquired it on level 5 of the Lair of Beasts)

   Will:      It increases your willpower.
 f - an orb of guile (worn)
 w - +5 steam dragon scales
 y - the -2 hat of the Alchemist (worn) {rElec rPois rF+ rC+ rN+ Will+ rMut rCorr}
   (You found it in a bailey)

   rF:        It protects you from fire.
   rC:        It protects you from cold.
   rElec:     It insulates you from electricity.
   rPois:     It protects you from poison.
   rN:        It protects you from negative energy.
   rCorr:     It protects you from acid and corrosion.
   rMut:      It protects you from mutation.
   Will:      It increases your willpower.
 K - a +2 robe of resistance (worn)
 R - a +1 cloak (worn)
Jewellery
 c - a ring of wizardry (right hand)
 g - the ring "Buigis" {Ice +Blink Will+ Int-4 Dex+3}
   (You bought it in a shop on level 2 of the Orcish Mines)

   [ring of ice]

   It enhances your ice magic.
   Int:       It affects your intelligence (-4).
   Dex:       It affects your dexterity (+3).
   rF:        It makes you vulnerable to fire.
   rC:        It protects you from cold.
   +Blink:    It lets you blink.
   Will:      It increases your willpower.
 m - a ring of willpower
 B - the ring of Daisies (left hand) {rN++ Int+6}
   (You found it in a Gauntlet)

   [ring of intelligence]

   Int:       It affects your intelligence (+6).
   rN:        It greatly protects you from negative energy.
 C - the ring "Dohaig" {rElec rF+ Str+2 Int+5}
   (You bought it in a shop on level 2 of the Orcish Mines)

   [ring of protection from fire]

   Str:       It affects your strength (+2).
   Int:       It affects your intelligence (+5).
   rF:        It protects you from fire.
   rElec:     It insulates you from electricity.
 I - the brooch of Shielding (around neck) {Spirit SH+8}
   (You found it on level 3 of the Lair of Beasts)

   [amulet of guardian spirit]

   It causes incoming damage to be divided between your reserves of health and
   magic.
   SH:        It affects your SH (+8).
 V - a ring of ice
Wands
 p - a wand of iceblast (35)
 D - a wand of flame (77)
 F - a wand of charming (17)
 S - a wand of quicksilver (6)
 U - a wand of mindburst (11)
 Y - a wand of digging (3)
 Z - a wand of polymorph (3)
Scrolls
 d - 2 scrolls of blinking
 h - 8 scrolls of teleportation
 k - 6 scrolls of poison
 o - 2 scrolls of torment
 r - a scroll of enchant weapon
 s - 3 scrolls of amnesia
 u - a scroll of fear
 J - 4 scrolls of butterflies
 L - 2 scrolls of vulnerability
 N - 5 scrolls of immolation
 P - 3 scrolls of silence
 T - 3 scrolls of fog
 X - 12 scrolls of identify
Potions
 b - 5 potions of flight
 e - 17 potions of curing
 i - 7 potions of attraction
 l - 5 potions of ambrosia
 n - 3 potions of resistance
 q - 3 potions of invisibility
 t - 4 potions of brilliance
 v - 5 potions of might
 x - 5 potions of haste
 E - 6 potions of lignification
 H - a potion of mutation
 Q - 4 potions of cancellation
Miscellaneous
 O - a phial of floods


   Skills:
 * Level 11.8 Fighting
 - Level 14.0(14.1) Short Blades
 - Level 1.8(7.1) Long Blades
 - Level 6.0 Throwing
 + Level 15.8 Dodging
 + Level 18.9 Stealth
 + Level 3.1 Shields
 + Level 14.4 Spellcasting
 - Level 4.0 Conjurations
 + Level 15.6 Hexes
 + Level 7.5 Summonings
 - Level 4.6 Transmutations
 - Level 5.0 Air Magic
 - Level 6.0 Poison Magic
 + Level 10.2 Invocations


You had 15 spell levels left.
You knew the following spells:

 Your Spells              Type           Power      Damage    Failure   Level
a - Ensorcelled Hibernat  Hex/Ice        100%       N/A       1%          2
b - Confusing Touch       Hex            86%        N/A       0%          3
c - Tukima's Dance        Hex            86%        N/A       0%          3
d - Mephitic Cloud        Conj/Pois/Air  51%        N/A       1%          3
e - Summon Cactus Giant   Summ           30%        N/A       6%          6
f - Yara's Violent Unrav  Hex/Tmut       35%        3d14      1%          5
g - Stone Arrow           Conj/Erth      66%        3d11      1%          3
h - Fireball              Conj/Fire      16%        3d8       11%         5

Your spell library contained the following spells:

 Spells                   Type           Power      Damage    Failure   Level
 Apportation              Tloc           42%        N/A       1%          1
 Freeze                   Ice            84%        1d9       1%          1
 Magic Dart               Conj           100%       1d8       1%          1
 Shock                    Conj/Air       100%       1d9       1%          1
 Call Imp                 Summ           100%       N/A       1%          2
 Cigotuvi's Dreadful Rot  Necr/Pois/Air  86%        N/A       1%          2
 Scorch                   Fire           42%        2d6       1%          2
 Searing Ray              Conj           90%        2d7       1%          2
 Call Canine Familiar     Summ           61%        N/A       1%          3
 Dazzling Flash           Conj/Hex       100%       N/A       1%          3
 Hailstorm                Conj/Ice       33%        3d8       1%          3
 Portal Projectile        Hex/Tloc       100%       N/A       1%          3
 Swiftness                Air            51%        N/A       1%          3
 Vhi's Electric Charge    Tloc/Air       72%        N/A       1%          3
 Airstrike                Air            25%        2d(4-20)  1%          4
 Animate Armour           Summ/Erth      88%        N/A       1%          4
 Fulminant Prism          Conj/Hex       34%        3d16      1%          4
 Leda's Liquefaction      Hex/Erth       31%        N/A       1%          4
 Summon Ice Beast         Ice/Summ       44%        N/A       1%          4
 Summon Mana Viper        Hex/Summ       74%        N/A       1%          5
 Frozen Ramparts          Ice            42%        1d7       2%          3
 Volatile Blastmotes      Fire/Tloc      42%        2d13      2%          3
 Alistair's Intoxication  Tmut/Pois      34%        N/A       2%          5
 Flame Wave               Conj/Fire      33%        2d10      4%          4
 Iskenderun's Mystic Bla  Conj/Tloc      33%        2d8       4%          4
 Arcjolt                  Conj/Air       24%        1d34      4%          5
 Iskenderun's Battlesphe  Conj           45%        2d10      4%          5
 Summon Forest            Summ/Tloc      22%        N/A       5%          5
 Passage of Golubria      Tloc           21%        N/A       9%          4
 Conjure Ball Lightning   Conj/Air       24%        3x3d7     21%         6
 Monstrous Menagerie      Summ           30%        N/A       32%         7
 Starburst                Conj/Fire      16%        6d6       50%         6
 Orb of Destruction       Conj           22%        9d8       78%         7
 Maxwell's Capacitive Co  Air            25%        ∞         99%         8
 Lehudib's Crystal Spear  Conj/Erth      16%        10d5      100%        8


Dungeon Overview and Level Annotations

Branches:
Dungeon (15/15)            Temple (1/1) D:5            Lair (5/5) D:8
  Swamp (4/4) Lair:3        Snake (4/4) Lair:2        Slime (0/5) Lair:4
    Orc (2/2) D:11            Elf (0/3) Orc:2        Vaults (0/5) D:13
 Depths (1/4) D:15         Bailey (visited)           IceCv (visited)
Gauntlet (visited)

Altars:
Ashenzari
Cheibriados
Dithmenos
Elyvilon
Fedhas
Gozag
Hepliaklqana
Kikubaaqudgha
Makhleb
Nemelex Xobeh
Okawaru
Qazlal
Ru
Sif Muna
Trog
Uskayaw
Vehumet
Wu Jian
Xom
Yredelemnul
Zin
The Shining One
Jiyva

Shops:
D:15 [   Orc:2 ([*=*   Snake:3 *   Snake:4 :=   Depths:1 **

Annotations:
Depths:1 1 transporter


Innate Abilities, Weirdness & Mutations

You are very small and have problems with some larger weapons.
You are too small for most types of armour.
You have supernaturally acute eyesight. (SInv)
You cover ground extremely quickly. (Speed+++)


Message History

The spriggan air mage is engulfed in noxious fumes.
The spriggan air mage hits you!
You block the spriggan air mage's attack.
You completely miss the spriggan air mage.
The spriggan air mage is almost dead.
The spriggan air mage is engulfed in noxious fumes.
You catch the helpless spriggan air mage completely off-guard!
You stick the spriggan air mage like a pincushion!!!
You kill the spriggan air mage!
Dithmenos accepts your kill.
The spriggan air mage attacks as you move away!
The spriggan air mage hits you!
The spriggan air mage waves its arms in wide circles.
The air twists around and strikes you!!
* * * LOW HITPOINT WARNING * * *
Aiming: Yara's Violent Unravelling (mildly dangerous; 1% risk of failure)
Press: ? - help, Q - select action, (/) - cycle Dir - move target, f - spriggan air mage
Aim: a spriggan air mage, wearing a +0 robe (repelling missiles, umbra)
The spriggan air mage's magical effects unravel!
The enchantments explode!
The spriggan air mage twists and deforms.
The unravelling engulfs the spriggan air mage!!
The spriggan air mage is heavily wounded.
The spriggan air mage points at you and mumbles some strange words.
The bolt of lightning hits you. You resist.
* * * LOW HITPOINT WARNING * * *
The spriggan air mage waves its arms in wide circles.
The air twists around and strikes you!!
* * * LOW HITPOINT WARNING * * *
Things that are here:
a +0 robe; a +0 dagger You see here a +0 robe.
Aiming: Ensorcelled Hibernation (safe; 1% risk of failure)
Press: ? - help, Q - select action, (/) - cycle Shift-Dir - straight line, f/p - spriggan air mage
Aim: a spriggan air mage, wearing a +0 robe (heavily wounded, misshapen and mutated, umbra, chance to affect: 71%)
The spriggan air mage resists with almost no effort.
Unknown command.
The spriggan air mage waves its arms in wide circles.
The air twists around and strikes you!
You die...

### #####..##...<##
##.########.#...###....#
#.......##.......##....##
#......##................
#....#.#..8..............
#####.)..##.................
##..####..##.##..............
#....###.###.###.............
##..###..##.@.##....##.).....
#........#..#..#....###......
###......#..#..#..##.........
##......#.i#..#...........##
#..##...#..#.[#.....##.....#
###...##..#..#..#...#..#...###
#.........##[[[##........##...
#..........##>##..............
#.....#..##.###...............


You could see a spriggan air mage (misshapen).

Vanquished Creatures
  A tentacled monstrosity (Swamp:2)
  Jorgrun (Orc:1)
  A lich (Depths:1)
  A thorn hunter (Swamp:4)
  Kirke (D:13)
  2 azure jellies (Swamp:4)
  6 nagarajas (Snake:4)
  2 shadow dragons (Depths:1)
  The ghost of Wiggles the Executioner, a journeyman MiBe of Trog (Swamp:1)
  A reaper (IceCv)
  An orc warlord (Orc:1)
  3 vampire knights
  A stone giant (Depths:1)
  A demonspawn black sun (D:14)
  7 eleionomae
  7 bunyips
  A minotaur (Gauntlet)
  Snorg (D:10)
  An ettin (Depths:1)
  4 fire dragons
  12 hydras
  A vault guard (D:13)
  A rakshasa (Depths:1)
  A shambling mangrove (Swamp:3)
  4 salamander tyrants (Snake:4)
  3 ice dragons
  A spriggan air mage (D:15)
  A death knight (D:15)
  11 anacondas
  2 catoblepae
  3 ghost crabs
  4 centaur warriors
  6 boulder beetles
  3 tengu warriors
  6 alligators
  2 two-headed ogres (D:8)
  13 naga warriors
  A spriggan berserker (D:15)
  The ghost of kamileon1 the Fighter, a novice OgGl of Okawaru (D:6)
  10 death yaks
  A deep troll shaman (Depths:1)
  The ghost of Nick1 the Cleaver, a novice FoFi of Okawaru (D:8)
  Urug (D:13)
  2 orc high priests (Orc:2)
  4 hell knights
  12 naga sharpshooters
  2 skysharks (Lair:3)
  2 sun demons (D:14)
  12 shock serpents
  The ghost of Caczuus the Covert, a novice SpEE of Ashenzari (Lair:1)
  A fire crab (Lair:4)
  4 goliath frogs
  2 iron trolls (Depths:1)
  5 spectral anacondas (Snake:3)
  2 sixfirhies (Gauntlet)
  6 swamp dragons
  A shadow wraith (D:15)
  9 skeletal warriors
  3 deep trolls (Depths:1)
  2 anaconda zombies (Snake:3)
  3 spriggan druids
  2 salamander mystics
  7 naga ritualists
  17 slime creatures
  A flayed ghost (Depths:1)
  Pikel (D:8)
  8 bog bodies
  2 orc knights (Orc:2)
  5 anaconda skeletons (Snake:3)
  2 necromancers
  2 deep elf pyromancers
  8 orc sorcerers
  13 ugly things
  7 salamanders
  11 mana vipers
  4 manticores
  3 cyclopes
  6 will-o-the-wisps
  4 dancing weapons
  9 elephants
  A guardian serpent (shapeshifter) (D:14)
  36 black mambas
  12 naga magi
  Maurice (D:13)
  4 gargoyles
  2 unseen horrors
  10 cane toads
  4 rime drakes
  Maggie (D:7)
  A kobold demonologist (D:12)
  A yaktaur (D:9)
  6 anaconda simulacra
  3 efreet
  6 freezing wraiths
  12 komodo dragons
  9 ice devils
  7 trolls
  2 bloated husks
  2 large abominations (D:14)
  10 tyrant leeches
  9 polar bears
  5 blink frogs (Lair:4)
  13 hornets
  Grinder (D:4)
  2 dream sheep (Lair:5)
  An air elemental (D:12)
  A water elemental (D:12)
  2 small abominations (D:14)
  6 wraiths
  2 dire elephant simulacra (IceCv)
  24 spriggans
  2 basilisks
  2 shadows (D:10)
  A vampire (Bailey)
  9 humans (D:13)
  38 yaks
  A fire elemental (D:12)
  11 wyverns
  A nameless horror (Depths:1)
  11 vampire mosquitoes
  6 steam dragons
  2 swamp worm simulacra (Swamp:4)
  2 harpy simulacra (IceCv)
  A warg (Orc:1)
  10 swamp worms
  39 nagas
  Duvessa (D:4)
  An acid dragon (D:12)
  31 water moccasins
  13 hydra simulacra (Swamp:4)
  32 orc warriors
  A swamp drake (Swamp:2)
  7 black bears
  2 ice beasts (D:7)
  3 boggarts (Lair:5)
  4 ogres (Orc:1)
  41 wolves
  5 centaurs
  12 bullfrogs
  A kobold brigand (D:5)
  2 cane toad simulacra (IceCv)
  An earth elemental (D:12)
  2 gnoll sergeants
  5 scorpions
  2 two-headed ogre simulacra (IceCv)
  8 wights
  Dowan (D:4)
  7 killer bees (D:9)
  6 electric eels
  A spectral centaur (D:8)
  9 vampire bats (Bailey)
  A crimson imp (D:8)
  8 wolf zombies (Bailey)
  A centaur zombie (D:8)
  A quasit (D:8)
  21 orc priests
  4 hounds
  2 iguanas (D:5)
  4 jellies
  27 orc wizards
  A sleepcap (D:5)
  3 spriggan simulacra (IceCv)
  A hell rat (Lair:4)
  A spectral killer bee (D:8)
  A troll simulacrum (IceCv)
  A wolf simulacrum (IceCv)
  A centaur simulacrum (D:8)
  A howler monkey skeleton (D:8)
  9 gnolls
  3 naga simulacra (IceCv)
  2 adders
  4 shadow imps
  7 white imps
  7 ufetubi
  6 swamp drake simulacra (Swamp:4)
  85 orcs
  5 ball pythons
  5 endoplasms
  A giant cockroach (D:4)
  4 hobgoblins
  16 kobolds
  4 quokkas
  5 bats
  8 frilled lizards
  10 goblins
  18 orc zombies (Bailey)
  4 rats
1130 creatures vanquished.

Vanquished Creatures (collateral kills)
  A fire giant (Depths:1)
  2 orc warlords (Orc:1)
  Nessos (Lair:3)
  A vault guard (D:13)
  A naga sharpshooter (Snake:1)
  2 orc high priests (Orc:2)
  An orc knight (Orc:2)
  A salamander (Snake:2)
  A naga mage (Snake:4)
  A human (D:13)
  7 nagas
  12 orc warriors
  3 centaurs
  12 wights
  A howler monkey (D:10)
  4 orc priests
  An orc wizard (Orc:2)
  3 gnolls
  An orc zombie (Bailey)
  6 orcs
  A goblin (D:9)
63 creatures vanquished.

Vanquished Creatures (others)
  A goliath frog (Swamp:4)
  A bog body (Swamp:4)
  2 bloated husks
  21 dancing weapons
  A hog (D:13)
  An orc warrior (Orc:2)
  2 killer bees (D:9)
  2 orc wizards (Orc:2)
  An orc (Orc:2)
  6 foxfires
38 creatures vanquished.

Grand Total: 1231 creatures vanquished

Notes
Turn   | Place    | Note
-------+----------+-------------------------------------------
     0 | D:1      | LynnLen the Spriggan Enchanter began the quest for the Orb.
     0 | D:1      | Reached XP level 1. HP: 9/9 MP: 5/5
   197 | D:1      | Reached XP level 2. HP: 9/13 MP: 6/6
   219 | D:1      | Learned a level 2 spell: Ensorcelled Hibernation
  1421 | D:2      | Reached XP level 3. HP: 17/17 MP: 8/8
  1425 | D:2      | Learned a level 3 spell: Confusing Touch
  1429 | D:2      | Learned a level 3 spell: Tukima's Dance
  3287 | D:4      | Noticed Grinder
  3305 | D:4      | Killed Grinder
  3306 | D:4      | Reached skill level 1 in Fighting
  3306 | D:4      | Reached skill level 1 in Throwing
  3306 | D:4      | Reached skill level 5 in Stealth
  3306 | D:4      | Reached XP level 4. HP: 22/22 MP: 5/10
  3306 | D:4      | Reached XP level 5. HP: 25/25 MP: 5/11
  3452 | D:4      | Noticed Dowan
  3458 | D:4      | Noticed Duvessa
  3730 | D:4      | Reached skill level 5 in Hexes
  3730 | D:4      | Reached XP level 6. HP: 30/30 MP: 12/12
  4223 | D:4      | Found an ancient bone altar of Kikubaaqudgha.
  4379 | D:4      | Found a glowing golden altar of the Shining One.
  4628 | D:5      | Entered Level 5 of the Dungeon
  4760 | D:5      | Found a staircase to the Ecumenical Temple.
  4769 | Temple   | Entered the Ecumenical Temple
  4842 | D:5      | Found a glowing silver altar of Zin.
  4917 | D:5      | Reached XP level 7. HP: 23/34 MP: 11/14
  5028 | D:5      | Reached skill level 6 in Stealth
  5321 | D:5      | Identified the +2 robe of the Slug {rCorr}
  5597 | D:6      | Found a large runed translucent door.
  5603 | D:6      | Found a large runed translucent door.
  5605 | D:6      | Noticed kamileon1's ghost (novice OgGl)
  6221 | D:6      | Found a broken altar of Ashenzari.
  6307 | D:6      | Found a basalt altar of Yredelemnul.
  6312 | D:6      | Found a blossoming altar of Fedhas.
  6313 | D:6      | Found a shimmering altar of Xom.
  6316 | D:6      | Found a sacrificial altar of Ru.
  6317 | D:6      | Found a shadowy altar of Dithmenos.
  6346 | D:6      | Became a worshipper of Dithmenos the Shadowed
  6636 | D:6      | Reached XP level 8. HP: 39/39 MP: 12/16
  6692 | D:6      | Reached skill level 5 in Short Blades
  6764 | D:6      | Reached skill level 5 in Dodging
  7271 | D:7      | Noticed Maggie
  7473 | D:7      | Noticed a hornet
  7475 | D:7      | Reached skill level 5 in Spellcasting
  7553 | D:7      | Reached skill level 7 in Stealth
  8161 | D:7      | Killed Maggie
  8161 | D:7      | Reached * piety under Dithmenos
  8162 | D:7      | Reached XP level 9. HP: 44/44 MP: 12/18
  8332 | D:7      | Found a bloodstained altar of Trog.
  8412 | D:7      | Found an ornate altar of the Wu Jian Council.
  8547 | D:7      | Found a shimmering blue altar of Sif Muna.
  8908 | D:8      | Reached skill level 8 in Stealth
  9109 | D:8      | Noticed Pikel
  9116 | D:8      | Killed Pikel
  9383 | D:8      | Reached XP level 10. HP: 49/49 MP: 16/20
  9412 | D:8      | Reached skill level 9 in Stealth
  9534 | D:8      | Found a runed translucent gate.
  9534 | D:8      | Found a runed translucent gate.
  9534 | D:8      | Found a runed translucent gate.
  9534 | D:8      | Noticed Nick1's ghost (novice FoFi)
  9556 | D:8      | Found a staircase to the Lair.
  9687 | D:8      | Reached skill level 5 in Throwing
  9891 | D:8      | Reached ** piety under Dithmenos
 10020 | D:8      | Noticed a two-headed ogre
 10027 | D:8      | Killed a two-headed ogre
 10052 | D:8      | Noticed a two-headed ogre
 10059 | D:8      | Killed a two-headed ogre
 10123 | D:8      | Reached skill level 10 in Stealth
 10197 | D:8      | Found a burning altar of Makhleb.
 10198 | D:8      | Found a radiant altar of Vehumet.
 10257 | Lair:1   | Entered Level 1 of the Lair of Beasts
 10371 | Lair:1   | Found a runed translucent gate.
 10371 | Lair:1   | Found a runed translucent gate.
 10371 | Lair:1   | Found a runed translucent gate.
 10390 | Lair:1   | Noticed Caczuus's ghost (novice SpEE)
 10453 | Lair:1   | Noticed a cane toad
 10456 | Lair:1   | Killed a cane toad
 10635 | Lair:1   | Reached XP level 11. HP: 46/54 MP: 20/23
 10828 | Lair:1   | Learned a level 3 spell: Mephitic Cloud
 10932 | Lair:1   | Noticed an eight-headed hydra
 10942 | Lair:1   | Killed an eight-headed hydra
 11338 | Lair:1   | Reached skill level 1 in Poison Magic
 11409 | Lair:2   | Reached skill level 1 in Air Magic
 11468 | Lair:2   | Reached skill level 1 in Conjurations
 11676 | Lair:2   | Noticed a death yak
 11719 | Lair:2   | Reached skill level 5 in Fighting
 11869 | Lair:2   | Noticed a death yak
 11890 | Lair:2   | Noticed a death yak
 11897 | Lair:2   | Noticed a boulder beetle
 11904 | Lair:2   | Killed a boulder beetle
 11926 | Lair:2   | Noticed a death yak
 11950 | Lair:2   | Reached *** piety under Dithmenos
 11963 | Lair:2   | Reached skill level 10 in Short Blades
 12045 | Lair:2   | Found a staircase to the Snake Pit.
 12054 | Lair:2   | Reached skill level 11 in Stealth
 12054 | Lair:2   | Reached skill level 10 in Hexes
 12651 | Lair:2   | Reached XP level 12. HP: 60/60 MP: 25/25
 12949 | Lair:2   | Killed a death yak
 12950 | Lair:2   | Reached skill level 1 in Invocations
 12993 | Lair:2   | Killed a death yak
 13006 | Lair:2   | Killed a death yak
 13022 | Lair:2   | Killed a death yak
 13333 | Lair:3   | Found the brooch of Shielding {Spirit SH+8}
 14180 | Lair:3   | Found a staircase to the Swamp.
 14464 | Lair:3   | Reached skill level 12 in Stealth
 14624 | Lair:3   | Noticed Nessos
 14649 | Lair:3   | Killed Nessos
 15149 | Lair:4   | Noticed a seven-headed hydra
 15156 | Lair:4   | Noticed a five-headed hydra
 15161 | Lair:3   | Reached **** piety under Dithmenos
 15408 | Lair:4   | Killed a seven-headed hydra
 15461 | Lair:4   | Reached skill level 10 in Dodging
 15490 | Lair:4   | Killed a five-headed hydra
 15491 | Lair:4   | Reached XP level 13. HP: 42/65 MP: 13/27
 16601 | Lair:4   | Found a viscous altar of Jiyva.
 16603 | Lair:4   | Found a staircase to the Slime Pits.
 17399 | Lair:5   | Entered Level 5 of the Lair of Beasts
 17454 | Lair:5   | Identified a scroll of acquirement
 17454 | Lair:5   | Acquired the +5 buckler of Hoics {Will+}
 17783 | Lair:5   | Reached skill level 5 in Poison Magic
 17872 | Lair:5   | Found a gate leading to a gauntlet.
 17945 | Gauntlet | Entered a Gauntlet
 17945 | Gauntlet | Found a large runed translucent door.
 17945 | Gauntlet | Found a large runed translucent door.
 17945 | Gauntlet | Found a large runed translucent door.
 17945 | Gauntlet | Found a transporter.
 17945 | Gauntlet | Found a large runed translucent door.
 17945 | Gauntlet | Found a runed translucent door.
 17945 | Gauntlet | Found a large runed translucent door.
 17945 | Gauntlet | Found a large runed translucent door.
 17945 | Gauntlet | Found a large runed translucent door.
 17945 | Gauntlet | Found a large runed translucent door.
 17945 | Gauntlet | Found a runed translucent gate.
 17945 | Gauntlet | Found a runed translucent gate.
 17945 | Gauntlet | Found a transporter.
 17945 | Gauntlet | Found a transporter.
 17953 | Gauntlet | Found a transporter.
 17953 | Gauntlet | Found a transporter.
 17956 | Gauntlet | Found a transporter.
 17993 | Gauntlet | Found a transporter.
 17994 | Gauntlet | Found a transporter.
 18014 | Gauntlet | Found a transporter.
 18029 | Gauntlet | Found a transporter.
 18048 | Gauntlet | Found a transporter.
 18051 | Gauntlet | Found a transporter.
 18080 | Gauntlet | Found a runed translucent gate.
 18081 | Gauntlet | Found a large runed translucent door.
 18081 | Gauntlet | Found a large runed translucent door.
 18082 | Gauntlet | Found a large runed translucent door.
 18083 | Gauntlet | Found a large runed translucent door.
 18084 | Gauntlet | Found a large runed translucent door.
 18084 | Gauntlet | Found a large runed translucent door.
 18084 | Gauntlet | Found a runed translucent door.
 18085 | Gauntlet | Found a large runed translucent door.
 18086 | Gauntlet | Found a large runed translucent door.
 18264 | Gauntlet | Reached skill level 13 in Stealth
 18280 | Gauntlet | Identified the ring of Daisies {rN++ Int+6}
 18285 | Gauntlet | Identified the orb of the Hot Ocelot {light, Slay+2}
 18313 | Gauntlet | Noticed a minotaur
 18325 | Gauntlet | Killed a minotaur
 18738 | Lair:5   | Reached ***** piety under Dithmenos
 18854 | Lair:5   | Reached skill level 10 in Spellcasting
 18854 | Lair:5   | Reached XP level 14. HP: 70/70 MP: 17/29
 19484 | Lair:5   | Reached skill level 5 in Air Magic
 19520 | Lair:5   | Learned a level 6 spell: Summon Cactus Giant
 19852 | Lair:5   | Identified the +9 halberd of Fate {venom, Contam rElec
                  | Str+4}
 20332 | Lair:5   | Identified the +1 helmet "Junyesas" {Harm rC- Regen+ Dex+2}
 20412 | Lair:5   | Reached skill level 5 in Invocations
 20537 | Lair:5   | Reached skill level 1 in Summonings
 20832 | D:9      | Found a flagged portal.
 20853 | Bailey   | Entered a bailey
 21515 | Bailey   | Found the -2 hat of the Alchemist {rElec rPois rF+ rC+ rN+
                  | Will+ rMut rCorr}
 21532 | Bailey   | Identified the +3 scale mail "Milemmih" {Int+4 Slay-6}
 21675 | D:9      | Found a white marble altar of Elyvilon.
 21817 | D:9      | Identified the +2 leather armour "Pevvac" {rF++ Int+3
                  | Slay+3}
 22143 | D:10     | Entered Level 10 of the Dungeon
 22407 | D:10     | Noticed Snorg
 22414 | D:10     | Killed Snorg
 22414 | D:10     | Reached ****** piety under Dithmenos
 22578 | D:10     | Found a hide-covered altar of Uskayaw.
 23722 | D:11     | Reached skill level 14 in Stealth
 23958 | D:11     | Found a staircase to the Orcish Mines.
 24973 | D:12     | Found a large runed translucent door.
 24973 | D:12     | Found a large runed translucent door.
 25957 | D:12     | Learned a level 5 spell: Yara's Violent Unravelling
 25961 | D:12     | Learned a level 3 spell: Stone Arrow
 26113 | D:12     | Paralysed by an air elemental for 1 turns
 26352 | D:13     | Noticed Urug
 26352 | D:13     | Noticed Kirke
 26425 | D:13     | Reached XP level 15. HP: 75/75 MP: 30/30
 26506 | D:13     | Noticed Maurice
 26536 | D:13     | Killed Maurice
 26547 | D:13     | Found a frozen archway.
 26560 | IceCv    | Entered an ice cave
 28008 | IceCv    | Found the +2 Maxwell's thermic engine {flame, freeze, rev}
 28012 | IceCv    | Identified the +8 halberd of Generosity {holy, Str+2}
 28389 | D:13     | Killed Urug
 28838 | D:13     | Killed Kirke
 29226 | D:13     | Found a gate to the Vaults.
 29423 | D:14     | Got Sif Muna's Grimoire of The Black Sun
 29718 | D:14     | Reached skill level 15 in Stealth
 29765 | D:14     | Reached skill level 1 in Transmutations
 29950 | D:15     | Entered Level 15 of the Dungeon
 29984 | D:14     | Reached skill level 1 in Long Blades
 30198 | D:15     | Found a shimmering blue altar of Sif Muna.
 30449 | D:15     | Acquired a +5 quick blade of electrocution
 30861 | D:15     | Found Qemarph's Armour Shop.
 30972 | D:15     | Found a staircase to the Depths.
 31315 | Orc:1    | Entered Level 1 of the Orcish Mines
 31680 | Orc:1    | Noticed Jorgrun
 31734 | Orc:1    | Killed Jorgrun
 32167 | Orc:2    | Entered Level 2 of the Orcish Mines
 32167 | Orc:2    | Found a staircase to the Elven Halls.
 32490 | Orc:1    | Reached XP level 16. HP: 72/81 MP: 18/32
 32820 | Orc:1    | Paralysed by an orc sorcerer for 2 turns
 34583 | Orc:2    | Found Naohy's Overcharged Wands.
 34825 | Orc:2    | Found Juicurchi's Antique Armour Shop.
 34825 | Orc:2    | Found Xegohata's Antique Weapon Boutique.
 34895 | Orc:2    | Found Tuoc's General Store.
 34896 | Orc:2    | Found Maaschoy's Jewellery Shop.
 34936 | Orc:2    | Bought a scroll of silence for 133 gold pieces
 34938 | Orc:2    | Bought the ring "Dohaig" {rElec rF+ Str+2 Int+5} for 751
                  | gold pieces
 35763 | D:4      | Killed Duvessa
 35776 | D:4      | Killed Dowan
 35970 | D:4      | Found an ancient bone altar of Kikubaaqudgha.
 36194 | D:4      | Found a glowing golden altar of the Shining One.
 36280 | D:6      | Killed kamileon1's ghost
 36453 | D:8      | Killed Nick1's ghost
 36553 | Lair:1   | Killed Caczuus's ghost
 36619 | Snake:1  | Entered Level 1 of the Snake Pit
 37513 | Snake:1  | Reached skill level 16 in Stealth
 38005 | Snake:1  | Reached skill level 5 in Summonings
 38816 | Snake:2  | Identified the -2 cloak "Sawadghoa" {rElec rC- Will++
                  | Str+4}
 40529 | Snake:3  | Reached XP level 17. HP: 72/88 MP: 26/34
 41763 | Snake:3  | Found Xonehyno's General Store.
 41918 | Snake:4  | Entered Level 4 of the Snake Pit
 42028 | Snake:4  | Reached skill level 17 in Stealth
 42355 | Snake:4  | Identified the +4 trident of Cheibriados's Scorn {freeze,
                  | Contam Int+5}
 42490 | Snake:3  | Bought a potion of heal wounds for 90 gold pieces
 42490 | Snake:3  | Bought a potion of ambrosia for 144 gold pieces
 42490 | Snake:3  | Bought a potion of heal wounds for 90 gold pieces
 42976 | Snake:4  | Reached skill level 10 in Fighting
 43589 | Snake:4  | Found Pibloutt's Jewellery Boutique.
 43590 | Snake:4  | Found Lystrega's Book Emporium.
 43591 | Snake:4  | Found Paemulu's Jewellery Boutique.
 45165 | Snake:4  | Got a serpentine rune of Zot
 45656 | Orc:2    | Bought the ring "Buigis" {Ice +Blink Will+ Int-4 Dex+3} for
                  | 595 gold pieces
 45921 | Swamp:1  | Entered Level 1 of the Swamp
 46100 | Swamp:1  | Found a large runed translucent door.
 46101 | Swamp:1  | Found a large runed translucent door.
 46106 | Swamp:1  | Noticed Wiggles's ghost (journeyman MiBe)
 46127 | Swamp:1  | Killed Wiggles's ghost
 46195 | Swamp:1  | Reached skill level 15 in Dodging
 46738 | Swamp:1  | Reached skill level 1 in Shields
 46738 | Swamp:1  | Reached XP level 18. HP: 91/95 MP: 21/36
 47509 | Swamp:2  | Reached skill level 15 in Hexes
 47532 | Swamp:2  | Noticed a tentacled monstrosity
 47571 | Swamp:2  | Killed a tentacled monstrosity
 48295 | Swamp:2  | Reached skill level 18 in Stealth
 49622 | Swamp:3  | Paralysed by a hornet for 1 turns
 50232 | Swamp:4  | Entered Level 4 of the Swamp
 50606 | Snake:4  | Bought a book of the Spheres for 1080 gold pieces
 50995 | Swamp:3  | Learned a level 5 spell: Fireball
 53503 | Swamp:4  | Got a decaying rune of Zot
 53859 | Depths:1 | Entered Level 1 of the Depths
 53861 | Depths:1 | Reached skill level 10 in Invocations
 53924 | Depths:1 | Found a transporter.
 53927 | Depths:1 | Found Hets's General Store.
 54279 | Depths:1 | Noticed a lich
 54583 | Depths:1 | Killed a lich
 54978 | Depths:1 | HP: 2/97 [vampire knight/+0 glaive (6)]
 55344 | D:15     | Found a shimmering blue altar of Sif Muna.
 55461 | D:15     | Found Qemarph's Armour Shop.
 56207 | Depths:1 | Found Cogel's General Store.
 56847 | D:15     | Found a shimmering blue altar of Sif Muna.
 56932 | D:15     | Found Qemarph's Armour Shop.
 57514 | D:15     | Killed from afar by a spriggan air mage

Illustrated notes

Levels and vault maps discovered:
D:1:      spicycebolla_arrival_risky_transporter, layout_loops_ring,
          serial_glass, glass_columns_a, glass_columns_a
D:2:      layout_basic, chequers_garden, corexii_leaking_fountain,
          minmay_misc_feat_pillars
D:3:      layout_basic, minmay_box_of_dots
D:4:      layout_basic, mainiacjoe_overflow_alcove_2, overflow_temple_1_default,
          uniq_duvessa, uniq_grinder
D:5:      layout_gridville, nicolae_overflow_crystal_walls, temple_fountains
D:6:      layout_layer_cave, minitemple, ebering_ghost_disaster_area
D:7:      layout_cave_pools, general_overflow_altar,
          mainiacjoe_overflow_24_doors, mainiacjoe_overflow_chevrons,
          uniq_maggie
D:8:      layout_rooms, grunt_temple_overflow_lords_of_destruction,
          minmay_lair_entry_grove, gammafunk_ghost_necromancy, serial_demonic,
          serial_demonic_d, serial_demonic_d, serial_demonic_g,
          serial_demonic_c, nicolae_benzene_ring, uniq_pikel
D:9:      layout_basic, elyvilon_altar_5, enter_bailey_5,
          chequers_decorated_corner, kennysheep_just_a_vault
D:10:     minmay_four_partial_circles, layout_cave_pools,
          mainiacjoe_overflow_concentric_impassable, minivault_24, uniq_snorg
D:11:     layout_loops_ring, david_orc_2, minivault_14
D:12:     layout_basic, lightli_elemental_guards
D:13:     layout_rooms, ximxim_vaults_locker_room,
          portal_ice_cave_demonic_guard, uniq_urug, uniq_maurice, uniq_kirke
D:14:     dreamdust_black_sun_cult, layout_cave_pools,
          chequers_serial_rivers_small_b
D:15:     grunt_enter_depths_hoard, layout_cave_pools,
          nicolae_sif_muna_condensation, serial_shops, shop,
          chequers_serial_rivers_small_b
Temple:   hellmonk_temple_rainy
Lair:1:   layout_long_grid, ebering_ghost_rock_garden
Lair:2:   layout_regular_city, minmay_snake_entry_six_corridors,
          lemuel_fruit_fields
Lair:3:   layout_layer_cave, skrybe_swamp_entry_bodies,
          cheibrodos_lair_lostbears, uniq_nessos
Lair:4:   layout_layer_cave, slime_entry_1, minmay_shattered_shrine
Lair:5:   minmay_lair_end_enchanted_forest, layout_long_grid,
          nicolae_volcano_entry_two_sided, gauntlet_entry_generic,
          pdpol_lair_cavern_descent, grunt_megastairs_5,
          infiniplex_staircase_pool_2, serial_bayou_shore_b
Swamp:1:  nicolae_swamp_secret_spriggan_hideout, layout_basic_swamp,
          ebering_ghost_disaster_area, nicolae_swamp_small_spring
Swamp:2:  layout_basic_swamp, nicolae_swamp_dense_foliage
Swamp:3:  nicolae_swamp_wrong_neighborhood, layout_falls_marsh,
          hangedman_swamp_lotus, nicolae_swamp_snake_nest
Swamp:4:  swamp_icy, layout_basic_swamp, swamp_pool2
Snake:1:  layout_rooms, nicolae_snake_double_loop, nicolae_snake_coiling_death
Snake:2:  layout_misc_corridors
Snake:3:  layout_misc_corridors, nicolae_take_the_stairs, serial_bayou_pond_a,
          nicolae_snake_dead_anacondas
Snake:4:  minmay_snake_end_coiled, layout_cave_town, lemuel_fruit_tree,
          minmay_shop_grove
Orc:1:    layout_diamond_mine, mines2_lemuel, uniq_jorgrun
Orc:2:    st_orc_congregation, layout_caves, special_room,
          nicolae_shop_overcharged_wands
Depths:1: layout_long_grid, special_room [special_room_morgue], serial_shops,
          kennysheep_mini_moat, nicolae_shop_drivethru,
          nicolae_twisting_strands, grunt_hell_entry_dis_mu,
          hellmonk_guarded_unrand_dark_maul

Skill      XL: |  1  2  3  4  5  6  7  8  9 10 11 12 13 14 15 16 17 18 |
---------------+-------------------------------------------------------+-----
Hexes          | 4 5 6 7 8 9 10 11 12 13 14 15 | 15.6
Spellcasting   | 3 4 5 6 7 8 9 10 11 12 13 14 | 14.4
Dodging        | 3 4 5 6 8 9 10 11 13 14 15 | 15.8
Short Blades   | 3 4 6 7 9 10 11 12 13 14 | 14.0
Fighting       | 1 2 3 4 5 6 7 8 9 10 11 | 11.8
Throwing       | 1 2 3 4 5 6 |  6.0
Stealth        | 5 6 7 8 10 11 12 13 14 15 16 17 18 | 18.9
Poison Magic   | 2 4 5 6 |  6.0
Air Magic      | 2 3 4 5 |  5.0
Conjurations   | 2 3 4 |  4.0
Invocations    | 3 4 5 7 8 9 10 | 10.2
Summonings     | 2 4 5 6 7 |  7.5
Transmutations | 3 4 |  4.6
Long Blades    | 1 |  1.8
Shields        | 1 3 |  3.1

Action                     |  1- 3 |  4- 6 |  7- 9 | 10-12 | 13-15 | 16-18 || total
---------------------------+-------+-------+-------+-------+-------+-------++-------
  Melee: Dagger            |   107 |    49 |   207 |   244 |  1212 |       ||  1819
         Quick blade       |       |       |       |       |   143 |  1141 ||  1284
  Throw: Dart              |       |       |       |       |       |     4 ||     4
   Cast: Ensorcelled Hiber |    20 |    20 |    26 |   100 |   153 |   133 ||   452
         Confusing Touch   |     1 |     1 |    14 |    12 |    76 |    57 ||   161
         Tukima's Dance    |       |       |    29 |     2 |    49 |   102 ||   182
         Mephitic Cloud    |       |       |       |    15 |    64 |    10 ||    89
         Stone Arrow       |       |       |       |       |    62 |   150 ||   212
         Yara's Violent Un |       |       |       |       |     4 |    41 ||    45
         Fireball          |       |       |       |       |       |    62 ||    62
         Summon Cactus Gia |       |       |       |       |       |     1 ||     1
 Invoke: Shadow Step       |       |       |       |       |       |     1 ||     1
  Evoke: Wand              |       |       |       |       |     2 |     4 ||     6
    Use: Scroll            |     5 |     3 |     6 |     1 |    24 |     6 ||    45
         Potion            |     1 |       |     1 |       |     4 |    10 ||    16
   Stab: Sleeping          |    27 |    15 |    32 |   100 |   207 |   182 ||   563
         Invisible         |     1 |       |     1 |       |       |       ||     2
         Confused          |       |     1 |    10 |    21 |   121 |    54 ||   207
         Distracted        |       |       |     1 |       |     5 |    10 ||    16
         Petrified         |       |       |       |       |     2 |       ||     2
 Armour: Robe              |    15 |     1 |    23 |     6 |       |     6 ||    51
         Steam dragon scal |       |       |       |     4 |   103 |    53 ||   160
  Dodge: Dodged            |    70 |    40 |   161 |   175 |   738 |   593 ||  1777
  Block: Orb               |       |       |       |    19 |   328 |   207 ||   554
         Buckler           |       |       |       |       |       |    81 ||    81
